Map: Ulrena

Players

blast - Winner!

  • Race: Zerg Zerg
  • League: Diamond

LilDicky

  • Race: Terran Terran
  • League: Diamond

VOD

http://www.twitch.tv/tumescentpie

Description

Time

  • Played on: Nov. 23, 2015, 3:42 p.m.
  • Length: 4:10
Show
View Real Time Build Order
Export as new Build Order

blast Zerg - Winner!

Build Orders: Pool First, Zergling Baneling 

Get SALT Encoding   

  12  0:12  Drone x2  
  14  0:21  Drone, Extractor  
  14  0:34  Spawning Pool  
  13  0:38  Drone  
  14  0:48  Overlord  
  14  1:21  Queen, Zergling x4  
  14  1:22  Zergling x2  
  14  1:24  Metabolic Boost  
  19  1:33  Drone  
  20  1:47  Drone  
  20  2:18  Zergling x2  
  21  2:45  Zergling x2  
  21  2:50  Baneling Nest  
  20  2:53  Zergling x2  
  20  2:55  Overlord  
  21  2:58  Hatchery  
  20  3:11  Zergling x2  
  21  3:14  Zergling x6  
  21  3:15  Zergling x4  
  26  3:28  Zergling x2  
  27  3:37  Baneling x8  
  27  3:38  Zergling x2  
  28  3:44  Zergling x4  
  28  3:45  Overlord  
Show
View Real Time Build Order
Export as new Build Order

LilDicky Terran 

Build Orders:  

Get SALT Encoding   

  12  0:01  SCV  
  13  0:13  SCV  
  14  0:18  Supply Depot  
  14  0:25  SCV  
  15  0:29  Refinery  
  15  0:40  SCV  
  16  0:46  Barracks  
  16  0:52  SCV  
  17  1:04  SCV  
  18  1:16  SCV  
  19  1:28  SCV  
  20  1:36  Reaper  
  21  1:40  Orbital Command  
  21  1:48  Command Center  
  21  2:04  Supply Depot, Refinery  
  21  2:08  Reaper  
  20  2:47  Marine  
  20  2:50  Command Center, SCV  
  22  2:53  Factory  
  22  3:02  SCV  
  23  3:08  Marine  
  24  3:15  SCV  
  25  3:27  SCV  
  25  3:33  Marine  
  26  3:36  Supply Depot  
  26  3:39  SCV, Starport, Factory Tech Lab  
  27  3:51  SCV, Marine  
  29  4:00  Barracks x2  
  29  4:03  Supply Depot  
Tags
 
Add a new tag
Caveats
  • Supply blocks, unpowered buildings, or Contaminate may cause inaccurate times.
  • Supply counts are checked every 10 seconds.